[Event "42nd Olympiad Baku 2016 Open"]
[Site "Baku"]
[Date "2016.09.03"]
[Round "2.10"]
[White "Sosa Trani, Luis"]
[Black "Numatsi, Yawotsu Dzigba"]
[Result "1-0"]
[ECO "B06"]
[WhiteElo "2051"]
[BlackElo "1677"]
[Annotator ""]
[PlyCount "81"]
[EventDate "2016.??.??"]
[EventCountry "AZE"]
[SourceTitle "playchess.com"]
[Source "ChessBase"]
[WhiteTeam "Puerto Rico"]
[BlackTeam "Togo"]
[WhiteTeamCountry "PUR"]
[BlackTeamCountry "TOG"]
[TimeControl "40/5400+30:1800+30"]

1. e4 {(00:00)} g6 {(00:00)} 2. d4 {(00:00)} Bg7 {(
02:27)} 3. Nc3 {(00:03)} d6 {(00:12)} 4. Be3 {(03:09)} Nf6
{(02:54)} 5. Qd2 {(02:15)} a6 {(01:33)} 6. Nf3 {(
01:31)} O-O {(04:54)} 7. Bd3 {(04:50)} Nc6 {(04:33)} 8. d5
{(02:48)} Nb8 {(01:11)} 9. Bh6 {(00:47)} Ng4 {(03:
20)} 10. Bxg7 {(00:22)} Kxg7 {(01:12)} 11. h3 {(02:49)}
Nf6 {(00:59)} 12. O-O {(00:37)} Nbd7 {(00:25)} 13. Rfe1 {
(00:24)} Nc5 {(00:47)} 14. Bf1 {(00:12)} e5 {(02:
59)} 15. dxe6 {(02:47)} Bxe6 {(03:25)} 16. Rad1 {(00:57)}
Re8 {(04:05)} 17. Qd4 {(00:27)} Kg8 {(03:10)} 18. e5 {
(00:21)} Nh5 {(08:07)} 19. exd6 {(13:14)} cxd6 {(
05:28)} 20. Qxd6 {(00:51)} Qxd6 {(01:00)} 21. Rxd6 {(00:
02)} Re7 {(11:27)} 22. b4 {(05:05)} Nd7 {(04:05)} 23. Nd5
{(00:06)} Ree8 {(09:29)} 24. Nc7 {(00:11)} Nf8 {(
05:11)} 25. Nxe8 {(02:47)} Rxe8 {(00:21)} 26. Nd4 {(00:57]
} Ng7 {(03:00)} 27. Nxe6 {(00:33)} Rxe6 {(01:53)} 28.
Rexe6 {(00:13)} Ngxe6 {(00:33)} 29. Bc4 {(00:36)} Kg7 {
(00:44)} 30. Bxe6 {(00:51)} Nxe6 {(00:14)} 31. Rd7 {
(00:11)} b6 {(00:48)} 32. Rd6 {(01:04)} b5 {(03:27]
} 33. Rxa6 {(00:20)} Nd4 {(00:56)} 34. Rb6 {(01:07)} Kf8 {
(00:51)} 35. Kf1 {(00:19)} Ke8 {(00:06)} 36. c3 {(
00:00)} Ne6 {(01:15)} 37. Rxb5 {(00:16)} Kd7 {(00:46)} 38.
Rb7+ {(00:10)} Nc7 {(00:33)} 39. Ke2 {(00:00)} Kc8 {
(00:00)} 40. Rxc7+ {(00:00)} Kxc7 {(00:00)} 41. Kd3 {
(00:21)} 1-0

[Event "42nd Olympiad Baku 2016 Open"]
[Site "Baku"]
[Date "2016.09.03"]
[Round "2.12"]
[White "Sousa, Andre Ventura"]
[Black "Draskovic, Luka"]
[Result "0-1"]
[ECO "B81"]
[WhiteElo "2379"]
[BlackElo "2448"]
[Annotator ""]
[PlyCount "50"]
[EventDate "2016.??.??"]
[EventCountry "AZE"]
[SourceTitle "playchess.com"]
[Source "ChessBase"]
[WhiteTeam "Portugal"]
[BlackTeam "Montenegro"]
[WhiteTeamCountry "POR"]
[BlackTeamCountry "MNE"]
[TimeControl "40/5400+30:1800+30"]

1. e4 {(00:00)} c5 {(00:00)} 2. Nf3 {(00:00)} e6 {(
00:10)} 3. d4 {(00:00)} cxd4 {(00:06)} 4. Nxd4 {(00:06)}
Nf6 {(00:29)} 5. Nc3 {(00:14)} d6 {(01:03)} 6. g4 {
(01:06)} h6 {(00:06)} 7. h3 {(00:29)} Nc6 {(06:08)}
8. Bg2 {(02:56)} Nxd4 {(08:34)} 9. Qxd4 {(00:08)} e5 {
(00:02)} 10. Qd3 {(02:54)} Be6 {(05:37)} 11. f4 {(
07:42)} Rc8 {(12:07)} 12. Be3 {(10:30)} Qa5 {(12:32)} 13.
O-O-O {(10:00)} Bc4 {(12:56)} 14. Qd2 {(00:07)} Bxa2 {
(06:20)} 15. Nd5 {(05:40)} Qa6 {(13:00)} 16. Bf1 {(
18:19)} Bc4 {(01:42)} 17. Nxf6+ {(00:04)} gxf6 {(00:05)}
18. Qc3 {(00:10)} Rc6 {(07:54)} 19. b3 {(07:20)} Bxf1 {
(00:36)} 20. Qxc6+ {(00:43)} Qxc6 {(00:55)} 21. Rhxf1 {
(00:06)} Qc3 {(01:48)} 22. Rfe1 {(01:28)} d5 {(01:
12)} 23. Kb1 {(01:39)} Ba3 {(00:06)} 24. Bc1 {(00:05)}
Bxc1 {(00:04)} 25. Kxc1 {(00:05)} d4 {(00:06)} 0-1

[Event "42nd Olympiad Baku 2016 Open"]
[Site "Baku"]
[Date "2016.09.03"]
[Round "2.14"]
[White "Strugnell, Carl"]
[Black "Tagelsir, Abubaker"]
[Result "1-0"]
[ECO "B09"]
[WhiteElo "2239"]
[BlackElo "2216"]
[Annotator ""]
[PlyCount "47"]
[EventDate "2016.??.??"]
[EventCountry "AZE"]
[SourceTitle "playchess.com"]
[Source "ChessBase"]
[WhiteTeam "Wales"]
[BlackTeam "Sudan"]
[WhiteTeamCountry "WLS"]
[BlackTeamCountry "SUD"]
[TimeControl "40/5400+30:1800+30"]

1. e4 {(00:00)} d6 {(00:00)} 2. d4 {(00:00)} Nf6 {(
00:00)} 3. Nc3 {(00:00)} g6 {(00:00)} 4. f4 {(00:00)} Bg7
{(00:02)} 5. Nf3 {(00:00)} c5 {(00:09)} 6. Bb5+ {(
00:10)} Bd7 {(00:06)} 7. e5 {(00:11)} Ng4 {(00:06)} 8.
Bxd7+ {(00:06)} Qxd7 {(00:42)} 9. h3 {(00:18)} cxd4 {
(02:26)} 10. Qxd4 {(00:16)} Nh6 {(00:20)} 11. Qf2 {
(01:44)} Nc6 {(02:53)} 12. Bd2 {(15:10)} O-O {(06:
02)} 13. O-O-O {(05:36)} Rac8 {(13:28)} 14. g4 {(04:00)}
f6 {(03:22)} 15. exf6 {(07:56)} exf6 {(00:09)} 16. Nd5 {
(23:59)} f5 {(07:42)} 17. g5 {(00:38)} Nf7 {(00:06]
} 18. Bc3 {(05:52)} Bxc3 {(02:01)} 19. bxc3 {(07:56)} Nfd8
{(06:47)} 20. h4 {(00:35)} Na5 {(03:57)} 21. h5 {(
04:50)} Qg7 {(07:34)} 22. hxg6 {(01:01)} hxg6 {(00:36)}
23. Rde1 {(04:13)} Rc7 {(09:02)} 24. Nxc7 1-0

[Event "42nd Olympiad Baku 2016 Open"]
[Site "Baku"]
[Date "2016.09.03"]
[Round "2.32"]
[White "Su, Haifeng"]
[Black "Giron, David"]
[Result "1-0"]
[ECO "B92"]
[WhiteElo "1800"]
[BlackElo "2174"]
[Annotator ""]
[PlyCount "83"]
[EventDate "2016.??.??"]
[EventCountry "AZE"]
[SourceTitle "playchess.com"]
[Source "ChessBase"]
[WhiteTeam "Guyana"]
[BlackTeam "Guatemala"]
[WhiteTeamCountry "GUY"]
[BlackTeamCountry "GUA"]
[TimeControl "40/5400+30:1800+30"]

1. e4 {(00:00)} c5 {(00:00)} 2. Nf3 {(00:00)} d6 {(
00:00)} 3. d4 {(00:13)} cxd4 {(00:02)} 4. Nxd4 {(00:26)}
Nf6 {(00:13)} 5. Nc3 {(00:58)} a6 {(00:06)} 6. Be2 {
(00:53)} e5 {(00:31)} 7. Nb3 {(02:02)} Be7 {(00:28]
} 8. Be3 {(01:23)} Nbd7 {(03:04)} 9. f3 {(05:21)} O-O {
(04:12)} 10. a4 {(04:23)} b6 {(03:45)} 11. O-O {(
01:40)} Bb7 {(00:17)} 12. Qd2 {(05:38)} Rc8 {(01:39)} 13.
Rfd1 {(00:44)} Qc7 {(06:29)} 14. Rac1 {(04:08)} Qb8 {
(01:59)} 15. Qe1 {(01:32)} Qa8 {(18:44)} 16. Qf2 {(
05:49)} d5 {(18:43)} 17. exd5 {(15:25)} Nxd5 {(00:32)} 18.
Nxd5 {(03:39)} Bxd5 {(00:07)} 19. Bxa6 {(16:16)} Qxa6 {
(05:12)} 20. Rxd5 {(01:26)} Qxa4 {(00:20)} 21. Rcd1 {
(15:01)} Rc7 {(10:15)} 22. Qd2 {(04:52)} Nc5 {(03:
01)} 23. Nxc5 {(01:16)} Bxc5 {(00:07)} 24. Bxc5 {(00:16)}
Rxc5 {(00:13)} 25. b3 Qc6 {(06:52)} 26. c4 {(03:03)} b5 {
(09:36)} 27. Qb4 {(01:26)} Rxd5 {(00:31)} 28. Rxd5 {
(00:25)} bxc4 {(00:16)} 29. bxc4 {(00:44)} f6 {(00:
45)} 30. Rd6 {(00:36)} Qc7 {(03:12)} 31. c5 {(01:38)} Rc8
{(00:01)} 32. c6 {(02:28)} Qa7+ {(00:05)} 33. Kf1 {
(00:57)} Qa6+ {(00:11)} 34. Kf2 {(00:58)} h5 {(03:
01)} 35. Qb7 {(01:08)} Qa2+ {(02:12)} 36. Kg3 {(00:22)}
Ra8 {(00:45)} 37. Rd7 {(00:29)} h4+ {(00:26)} 38. Kh3 {
(00:49)} Qe6+ {(00:24)} 39. g4 {(00:09)} Ra3 {(00:
42)} 40. Rxg7+ {(00:00)} Kf8 {(00:00)} 41. Rd7 {(01:01)}
Rxf3+ {(08:33)} 42. Kxh4 {(00:50)} 1-0

[Event "42nd Olympiad Baku 2016 Open"]
[Site "Baku"]
[Date "2016.09.03"]
[Round "2.36"]
[White "Syed Ahmad, Ali"]
[Black "Fekadu, Desalegn Jimma"]
[Result "0-1"]
[ECO "D45"]
[WhiteElo "2343"]
[BlackElo "2104"]
[Annotator ""]
[PlyCount "133"]
[EventDate "2016.??.??"]
[EventCountry "AZE"]
[SourceTitle "playchess.com"]
[Source "ChessBase"]
[WhiteTeam "Pakistan"]
[BlackTeam "Ethiopia"]
[WhiteTeamCountry "PAK"]
[BlackTeamCountry "ETH"]
[TimeControl "40/5400+30:1800+30"]

1. d4 {(01:52)} d5 {(00:00)} 2. Nf3 {(00:35)} Nf6 {
(00:33)} 3. c4 {(00:23)} c6 {(01:59)} 4. Nc3 {(00:
06)} e6 {(01:47)} 5. e3 {(00:03)} Nbd7 {(00:32)} 6. Be2 {
(00:06)} Bd6 {(00:25)} 7. O-O {(00:10)} O-O {(00:
35)} 8. b3 {(00:04)} dxc4 {(12:21)} 9. bxc4 {(02:37)} e5 {
(01:18)} 10. Qc2 {(00:28)} Qe7 {(02:53)} 11. Bd3 {(
34:24)} h6 {(13:40)} 12. d5 {(04:56)} Nc5 {(04:35)} 13.
Ba3 {(05:35)} Bg4 {(15:03)} 14. Nd2 {(02:21)} Rfd8 {
(11:23)} 15. Bxc5 {(09:28)} Bxc5 {(00:05)} 16. Nde4 {
(01:37)} Rac8 {(06:42)} 17. dxc6 {(09:26)} bxc6 {(
03:14)} 18. Rab1 {(01:39)} Bb6 {(02:00)} 19. Nxf6+ {(03:
43)} Qxf6 {(00:16)} 20. Ne4 {(00:08)} Qh4 {(04:58)} 21. c5
{(00:41)} Bc7 {(00:46)} 22. Rb7 {(06:01)} Bb8 {(04:
42)} 23. Bc4 {(03:11)} Bh5 {(01:36)} 24. Ng3 {(00:30)} Bg6
{(01:35)} 25. Qb3 {(00:57)} Rf8 {(01:46)} 26. Rd1 {
(02:00)} Rcd8 {(00:56)} 27. Rdd7 {(01:17)} Rxd7 {(
00:15)} 28. Rxd7 {(00:03)} Qf6 {(00:44)} 29. Rb7 {(01:02)}
Qd8 {(00:34)} 30. e4 {(00:15)} h5 {(01:25)} 31. h3 {
(00:02)} h4 {(01:41)} 32. Nf5 {(00:02)} Bxf5 {(02:
38)} 33. Bxf7+ {(00:20)} Kh8 {(00:05)} 34. exf5 {(00:22)}
e4 {(00:38)} 35. Bg6 {(02:21)} Qd2 {(00:59)} 36. Kf1 {
(07:12)} Be5 {(01:27)} 37. Qe3 {(01:52)} Qd1+ {(00:
15)} 38. Qe1 {(00:02)} Qd4 {(00:28)} 39. Rb4 {(00:22)}
Qd3+ {(00:16)} 40. Kg1 {(00:00)} Bd4 {(00:00)} 41. Kh1 {
(13:53)} Rc8 {(17:18)} 42. f3 {(05:06)} Kg8 {(09:
22)} 43. fxe4 {(12:26)} Bxc5 {(01:58)} 44. Rb3 {(00:55)}
Qd4 {(02:02)} 45. e5 {(00:26)} Rd8 {(01:48)} 46. Rf3 {
(00:46)} Qxe5 {(01:08)} 47. Rf1 {(01:14)} Qxe1 {(
00:46)} 48. Rxe1 {(00:01)} Bf2 {(00:28)} 49. Re8+ {(00:50]
} Rxe8 {(00:15)} 50. Bxe8 {(00:04)} c5 {(00:23)} 51. Bb5 {
(00:51)} Kf7 {(00:05)} 52. g4 {(00:34)} hxg3 {(00:
06)} 53. Kg2 {(00:29)} Kf6 {(00:07)} 54. Bd3 {(00:37)} Ke5
{(00:05)} 55. Kf3 {(00:04)} Kd4 {(00:18)} 56. Bb1 {
(00:30)} c4 {(01:02)} 57. h4 {(00:02)} Kc3 {(00:53]
} 58. h5 {(00:17)} Kb2 {(01:21)} 59. f6 {(01:15)} Bd4 {
(01:10)} 60. f7 {(00:20)} Bc5 {(00:06)} 61. Be4 {(
00:15)} Kxa2 {(00:11)} 62. Kxg3 {(00:10)} Kb2 {(00:25)}
63. Kf4 {(00:34)} a5 {(00:09)} 64. Ke5 {(00:01)} a4 {
(00:21)} 65. Kd5 {(00:02)} Bf8 {(00:20)} 66. Kxc4 {
(01:58)} a3 {(00:43)} 67. Kd3 {(01:20)} 0-1

[Event "42nd Olympiad Baku 2016 Open"]
[Site "Baku"]
[Date "2016.09.03"]
[Round "2.17"]
[White "Tajedine, Sidi Mohamed"]
[Black "Kigigha, Bomo"]
[Result "0-1"]
[ECO "A05"]
[WhiteElo "1796"]
[BlackElo "2340"]
[Annotator ""]
[PlyCount "82"]
[EventDate "2016.??.??"]
[EventCountry "AZE"]
[SourceTitle "playchess.com"]
[Source "ChessBase"]
[WhiteTeam "MTN"]
[BlackTeam "Nigeria"]
[BlackTeamCountry "NGR"]
[TimeControl "40/5400+30:1800+30"]

1. Nf3 {(00:00)} Nf6 {(00:00)} 2. g3 {(00:00)} c5 {
(00:00)} 3. Bg2 {(00:28)} g6 {(00:00)} 4. c4 {(00:
26)} Bg7 {(00:00)} 5. Nc3 {(00:06)} O-O {(00:06)} 6. O-O {
(00:03)} d5 {(00:50)} 7. cxd5 {(02:42)} Nxd5 {(00:
07)} 8. e4 {(01:24)} Nb4 {(01:03)} 9. Ne1 {(02:10)} N8c6 {
(02:44)} 10. Nd5 {(02:09)} Nxd5 {(08:07)} 11. exd5 {
(00:43)} Nd4 {(00:28)} 12. Nc2 {(01:20)} Nf5 {(15:
37)} 13. Ne3 {(05:56)} Rb8 {(05:41)} 14. Rb1 {(01:02)} b6
{(06:08)} 15. b3 {(07:46)} Nd4 {(00:49)} 16. Bb2 {(
06:42)} Bb7 {(00:47)} 17. Re1 {(07:18)} Qd7 {(00:48)} 18.
Nc2 {(03:24)} Nxc2 {(07:14)} 19. Qxc2 {(00:14)} Bxb2 {
(00:04)} 20. Qxb2 {(00:33)} Rfe8 {(00:11)} 21. Qe5 {
(03:38)} Rbd8 {(02:52)} 22. d4 {(01:32)} cxd4 {(02:
49)} 23. Qxd4 {(00:12)} Bxd5 {(00:54)} 24. Rbd1 {(10:29)}
Be6 {(00:09)} 25. Qxd7 {(02:15)} Rxd7 {(00:09)} 26. Bc6 {
(01:57)} Rxd1 {(00:24)} 27. Rxd1 {(00:15)} Rc8 {(
00:12)} 28. Be4 {(01:20)} Bh3 {(01:24)} 29. f4 {(00:47)}
Kg7 {(01:44)} 30. Kf2 {(00:59)} Bg4 {(08:53)} 31. Rd2 {
(00:04)} Rc1 {(00:27)} 32. Bf3 {(07:19)} Be6 {(01:
33)} 33. Ke3 {(05:39)} h6 {(02:10)} 34. Kd4 {(04:18)} g5 {
(01:49)} 35. fxg5 {(00:17)} hxg5 {(00:05)} 36. Bd5 {
(04:00)} Bxd5 {(00:36)} 37. Kxd5 {(00:17)} Rc5+ {(
00:08)} 38. Ke4 {(00:33)} f5+ {(00:09)} 39. Kd4 {(01:34)}
Kf6 {(01:15)} 40. h4 {(00:00)} e5+ {(00:00)} 41. Ke3 {
(02:42)} Rc3+ {(06:02)} 0-1

[Event "42nd Olympiad Baku 2016 Open"]
[Site "Baku"]
[Date "2016.09.03"]
[Round "2.29"]
[White "Tamra, Attallah"]
[Black "Mok, Tze-Meng"]
[Result "0-1"]
[ECO "A10"]
[WhiteElo "2087"]
[BlackElo "2373"]
[Annotator ""]
[PlyCount "66"]
[EventDate "2016.??.??"]
[EventCountry "AZE"]
[SourceTitle "playchess.com"]
[Source "ChessBase"]
[WhiteTeam "Palestine"]
[BlackTeam "Malaysia"]
[WhiteTeamCountry "PLE"]
[BlackTeamCountry "MAS"]
[TimeControl "40/5400+30:1800+30"]

1. c4 {(00:00)} g6 {(00:00)} 2. g3 {(00:00)} Bg7 {(
00:00)} 3. Bg2 {(00:08)} e5 {(00:07)} 4. Nc3 {(00:26)} d6
{(00:55)} 5. e3 {(01:15)} f5 {(01:42)} 6. d4 {(00:
34)} e4 {(00:34)} 7. f3 {(00:39)} exf3 {(00:09)} 8. Nxf3 {
(00:52)} Nf6 {(00:09)} 9. O-O {(03:17)} O-O {(00:
10)} 10. e4 {(02:33)} Nxe4 {(04:03)} 11. Nxe4 {(02:54)}
fxe4 {(00:03)} 12. Ng5 {(00:38)} Rxf1+ {(00:34)} 13. Bxf1
{(09:45)} Nc6 {(11:28)} 14. d5 {(02:38)} Ne5 {(00:
21)} 15. Nxe4 {(00:15)} Bg4 {(03:03)} 16. Be2 {(00:41)}
Bf5 {(00:06)} 17. Bg5 {(02:35)} Qf8 {(01:05)} 18. Nc3 {
(02:02)} Re8 {(03:21)} 19. Qb3 {(13:20)} h6 {(04:
00)} 20. Bf4 {(16:44)} Ng4 {(02:43)} 21. Qd1 {(03:39)} Ne3
{(10:03)} 22. Qd2 {(04:40)} Nc2 {(06:31)} 23. Rf1 {
(02:25)} Bh3 {(14:28)} 24. Qxc2 {(12:52)} Bxf1 {(
01:18)} 25. Bxf1 {(00:08)} g5 {(00:04)} 26. Bc1 {(01:22)}
Re1 {(00:32)} 27. Bf4 {(07:48)} gxf4 {(02:16)} 28. Qf2 {
(02:46)} Bd4 {(05:22)} 29. Qxd4 {(00:53)} fxg3 {(
00:05)} 30. Kg2 {(03:08)} Qxf1+ {(01:22)} 31. Kxg3 {(00:
08)} Re7 {(04:32)} 32. Ne4 {(04:24)} Rg7+ {(00:23)} 33.
Kh4 {(00:30)} Qf4+ {(00:16)} 0-1

[Event "42nd Olympiad Baku 2016 Open"]
[Site "Baku"]
[Date "2016.09.03"]
[Round "2.22"]
[White "Teerapabpaisit, Wisuwat"]
[Black "Mueller, Leonhard"]
[Result "1/2-1/2"]
[ECO "B76"]
[WhiteElo "2248"]
[BlackElo "2204"]
[Annotator ""]
[PlyCount "72"]
[EventDate "2016.??.??"]
[EventCountry "AZE"]
[SourceTitle "playchess.com"]
[Source "ChessBase"]
[WhiteTeam "Thailand"]
[BlackTeam "Namibia"]
[WhiteTeamCountry "THA"]
[BlackTeamCountry "NAM"]
[TimeControl "40/5400+30:1800+30"]

1. e4 {(00:00)} c5 {(00:00)} 2. Nf3 {(00:00)} d6 {(
00:00)} 3. d4 cxd4 {(00:03)} 4. Nxd4 {(00:00)} Nf6 {(00:
05)} 5. Nc3 {(00:00)} g6 {(00:05)} 6. Be3 {(00:21)} Bg7 {
(00:05)} 7. f3 {(00:17)} O-O {(00:18)} 8. Qd2 {(00:
03)} Nc6 {(00:06)} 9. O-O-O {(00:10)} d5 {(00:47)} 10.
exd5 {(01:51)} Nxd5 {(00:18)} 11. Nxc6 {(01:05)} bxc6 {
(00:05)} 12. Nxd5 {(08:34)} cxd5 {(00:05)} 13. Qxd5 {
(00:09)} Qc7 {(00:15)} 14. Qc5 {(01:24)} Qb7 {(00:
20)} 15. Qa3 {(03:18)} Bf5 {(02:53)} 16. Bd3 {(02:19)}
Rab8 {(02:19)} 17. b3 {(02:21)} Qc6 {(02:03)} 18. Bxf5 {
(12:53)} Qc3 {(00:34)} 19. Bd3 {(05:03)} Rfd8 {(00:
14)} 20. Qc5 {(10:41)} Qb2+ {(09:23)} 21. Kd2 {(00:02)}
Rbc8 {(02:19)} 22. Qxc8 {(02:38)} Rxc8 {(01:59)} 23. Bxa7
{(00:42)} Qxa2 {(44:49)} 24. Be3 {(00:42)} Qa5+ {(
01:28)} 25. Ke2 {(00:50)} Bc3 {(04:15)} 26. Be4 {(08:15)}
e6 {(03:13)} 27. g3 {(11:02)} h5 {(05:54)} 28. Kf2 {
(03:43)} g5 {(06:25)} 29. Rd7 {(01:43)} g4 {(01:12]
} 30. Rhd1 {(05:46)} gxf3 {(06:09)} 31. Kxf3 {(03:50)} Qe5
{(00:54)} 32. h4 {(05:07)} Qf6+ {(05:05)} 33. Kg2 {
(00:17)} Qe5 {(00:36)} 34. Kf3 {(01:02)} Qf6+ {(00:
04)} 35. Kg2 {(00:57)} Qe5 {(00:21)} 36. Kf3 {(00:14)}
Qf6+ {(00:48)} 1/2-1/2

[Event "42nd Olympiad Baku 2016 Open"]
[Site "Baku"]
[Date "2016.09.03"]
[Round "2.24"]
[White "Volpinari, Danilo"]
[Black "Garcia Paolicchi, Raul"]
[Result "1-0"]
[ECO "B10"]
[WhiteElo "1976"]
[BlackElo "2153"]
[Annotator ""]
[PlyCount "291"]
[EventDate "2016.??.??"]
[EventCountry "AZE"]
[SourceTitle "playchess.com"]
[Source "ChessBase"]
[WhiteTeam "San Marino"]
[BlackTeam "Andorra"]
[WhiteTeamCountry "SMR"]
[BlackTeamCountry "AND"]
[TimeControl "40/5400+30:1800+30"]

1. e4 {(00:00)} c6 {(00:00)} 2. c4 {(00:48)} d5 {(
00:00)} 3. exd5 {(00:06)} cxd5 {(00:00)} 4. cxd5 {(00:29)}
Nf6 {(00:07)} 5. Nc3 {(00:13)} Nxd5 {(00:17)} 6. Nf3 {
(02:55)} Nc6 {(00:35)} 7. Bc4 {(02:28)} Nb6 {(09:
31)} 8. Bb3 {(05:32)} g6 {(01:04)} 9. d4 {(04:11)} Bg7 {
(03:28)} 10. Be3 {(03:29)} O-O {(01:42)} 11. h3 {(
03:29)} Na5 {(04:36)} 12. Bc2 {(06:11)} Nac4 {(01:13)} 13.
Bc1 {(10:13)} Bd7 {(16:33)} 14. O-O {(03:48)} Qc7 {
(03:27)} 15. b3 {(09:12)} Nd6 {(02:12)} 16. Bb2 {(
04:45)} Rac8 {(02:19)} 17. Bd3 {(03:23)} Nf5 {(02:50)} 18.
Rc1 {(06:00)} Qb8 {(01:20)} 19. Re1 {(04:30)} Rfe8 {
(00:27)} 20. Ne4 {(08:01)} Rcd8 {(04:30)} 21. Nc5 {
(02:18)} Bc8 {(00:51)} 22. Bb5 {(00:42)} Rf8 {(02:
49)} 23. Rc2 {(07:25)} Nd5 {(02:19)} 24. Bf1 {(01:06)} Nb4
{(01:51)} 25. Rc4 {(01:14)} Nc6 {(00:18)} 26. Qe2 {
(02:18)} Rfe8 {(02:41)} 27. Rd1 {(00:41)} b6 {(05:
36)} 28. Ne6 {(01:25)} Bxe6 {(00:07)} 29. Rxc6 {(00:05)}
Bd5 {(00:09)} 30. Rcc1 {(01:38)} Bxf3 {(03:59)} 31. Qxf3 {
(00:44)} Nxd4 {(03:22)} 32. Bxd4 {(01:49)} Bxd4 {(
02:07)} 33. Bb5 {(02:45)} Rf8 {(00:24)} 34. Qe4 {(01:21)}
Bf6 {(02:56)} 35. Bc4 {(00:57)} Rd6 {(05:09)} 36. Rxd6 {
(00:58)} Qxd6 {(00:11)} 37. Qe2 {(00:40)} Rd8 {(00:
42)} 38. g3 {(00:35)} Bd4 {(01:09)} 39. Qf3 {(00:28)} e6 {
(00:46)} 40. Kg2 {(00:00)} Bg7 {(00:00)} 41. Rc2 {(
12:38)} Qe7 {(04:45)} 42. Re2 {(03:10)} h6 {(04:00)} 43.
Rc2 {(02:52)} Rd4 {(02:47)} 44. Re2 {(01:55)} Qd7 {
(01:15)} 45. a4 {(00:56)} Rd1 {(02:32)} 46. Bb5 {(
03:56)} Qd8 {(04:15)} 47. Rc2 {(01:26)} Rd5 {(01:42)} 48.
Ba6 {(01:00)} Qe7 {(05:36)} 49. Bc4 {(03:48)} Rd8 {
(00:45)} 50. Re2 {(00:27)} Bd4 {(01:25)} 51. Qe4 {(
01:11)} Kg7 {(03:40)} 52. Qf3 {(01:03)} e5 {(02:27)} 53.
Qe4 {(01:15)} h5 {(01:48)} 54. h4 {(00:26)} Qd7 {(
02:26)} 55. Qf3 {(00:35)} f5 {(01:19)} 56. Bb5 {(00:27)}
e4 {(01:47)} 57. Qf4 {(01:03)} Qe7 {(01:07)} 58. Rc2 {
(00:41)} Bc5 {(05:06)} 59. Bc4 {(00:38)} a5 {(02:
00)} 60. Re2 {(00:06)} Bd4 {(01:28)} 61. Bb5 {(00:45)} Qb7
{(01:10)} 62. Kh2 {(00:26)} Qe7 {(01:03)} 63. Bc4 {
(00:11)} Be5 {(00:20)} 64. Qg5 {(00:57)} Qxg5 {(00:
00)} 65. hxg5 {(00:02)} Rd1 {(01:29)} 66. f3 {(01:03)} Rd4
{(00:05)} 67. fxe4 {(00:52)} fxe4 {(00:07)} 68. Kg2 {
(00:23)} Bc7 {(00:44)} 69. Rf2 {(00:11)} Rd7 {(00:
21)} 70. Re2 {(00:43)} Bd8 {(00:54)} 71. Rxe4 {(00:23)}
Bxg5 {(00:10)} 72. Re6 {(00:25)} Bd8 {(00:22)} 73. Re8 {
(00:45)} Be7 {(01:06)} 74. Rg8+ {(00:47)} Kf6 {(00:
09)} 75. Re8 {(00:18)} Rd4 {(01:00)} 76. Rb8 {(00:29)} Bc5
{(00:25)} 77. Re8 {(00:25)} Kf5 {(01:22)} 78. Re2 {
(00:34)} h4 {(01:07)} 79. gxh4 {(00:41)} Rxh4 {(00:
04)} 80. Be6+ {(00:25)} Kf6 {(00:12)} 81. Bc4 {(00:42)}
Rd4 {(00:47)} 82. Re6+ {(00:29)} Kg5 {(00:16)} 83. Re2 {
(00:25)} Rd1 {(00:35)} 84. Re4 {(00:36)} Rd2+ {(00:
26)} 85. Re2 {(00:14)} Rd1 {(00:07)} 86. Re4 {(00:08)} Kf5
{(00:15)} 87. Re2 {(00:24)} g5 {(00:13)} 88. Be6+ {
(00:37)} Kf4 {(00:19)} 89. Bc8 {(00:39)} g4 {(01:
12)} 90. Bb7 {(00:38)} Rg1+ {(00:42)} 91. Kh2 {(00:06)}
g3+ {(00:40)} 92. Kh3 {(00:05)} Bf2 {(00:13)} 93. Bg2 {
(01:14)} Rc1 {(00:37)} 94. Re4+ {(00:10)} Kf5 {(00:
06)} 95. Rc4 {(00:30)} Re1 {(00:38)} 96. Bc6 {(00:51)} Re3
{(00:42)} 97. Bd7+ {(00:54)} Ke5 {(00:19)} 98. b4 {
(00:30)} axb4 {(01:13)} 99. Rxb4 {(00:02)} Rc3 {(
00:28)} 100. Bg4 {(00:40)} Rc2 {(00:41)} 101. Bf3 {(00:36]
} Rc7 {(00:46)} 102. Kg2 {(00:35)} Ra7 {(00:44)} 103. Re4+
{(00:24)} Kd6 {(00:08)} 104. Rc4 {(00:24)} Rh7 {(
00:46)} 105. Re4 {(00:38)} Rh2+ {(00:26)} 106. Kf1 {(00:
04)} Bc5 {(00:16)} 107. Bg2 {(00:20)} Rh6 {(00:21)} 108.
Bf3 {(00:32)} Rf6 {(00:35)} 109. Kg2 {(00:06)} Bf2 {
(00:04)} 110. Rc4 {(00:18)} Rf5 {(00:35)} 111. Re4 {
(00:30)} Kc5 {(00:36)} 112. Rg4 {(00:33)} Rf6 {(00:
38)} 113. Re4 {(00:10)} Rd6 {(00:05)} 114. Rg4 {(01:06)}
Rd2 {(00:13)} 115. Kh3 {(00:27)} Ra2 {(00:17)} 116. Re4 {
(00:33)} Bd4 {(00:25)} 117. Kxg3 {(01:18)} Rxa4 {(
00:08)} 118. Re2 {(00:36)} Rc4 {(00:36)} 119. Be4 {(00:32]
} Kb4 {(01:11)} 120. Kf3 {(00:35)} Rc3+ {(00:43)} 121. Kf4
{(00:26)} Rh3 {(00:14)} 122. Bc6 {(00:39)} Kc5 {(
01:14)} 123. Rc2+ {(00:26)} Kd6 {(00:28)} 124. Bf3 {(00:
33)} Rh4+ {(00:49)} 125. Bg4 {(00:26)} b5 {(00:37)} 126.
Kg3 {(00:34)} Rh8 {(00:15)} 127. Kf4 {(00:18)} b4 {
(00:50)} 128. Ke4 {(00:43)} Bc3 {(00:39)} 129. Kd3 {
(00:33)} Rg8 {(00:17)} 130. Bf3 {(00:18)} Rg3 {(00:
31)} 131. Ke4 {(00:23)} Kc5 {(00:10)} 132. Rg2 {(00:35)}
Rh3 {(00:53)} 133. Rg5+ {(00:34)} Kc4 {(00:22)} 134. Rh5 {
(00:29)} Rg3 {(00:25)} 135. Be2+ {(00:36)} Kb3 {(
00:14)} 136. Rh1 {(00:30)} Rg7 {(00:30)} 137. Rb1+ {(00:
22)} Bb2 {(00:17)} 138. Bd1+ {(00:39)} Ka2 {(00:34)} 139.
Bc2 {(00:16)} Rg2 {(01:10)} 140. Bd3 {(00:45)} Rg4+ {
(00:20)} 141. Kf3 {(00:19)} Rd4 {(00:12)} 142. Bh7 {
(00:29)} Rd7 {(00:24)} 143. Rh1 {(00:28)} Re7 {(00:
44)} 144. Bb1+ {(00:27)} Ka3 {(00:20)} 145. Rh7 {(00:39)}
Bc3 {(00:34)} 146. Rxe7 {(00:10)} 1-0